 Dungeon Crawl Stone Soup version 0.19.1-1-g22dce08 (console) character file.

806 sose the Conjurer (level 7, -8/41 HPs)
             Began as a High Elf Conjurer on Dec 29, 2016.
             Was an Initiate of Ashenzari.
             Mangled by an ogre
             ... wielding a +0 giant club
              (16 damage)
             ... on level 4 of the Dungeon.
             The game lasted 00:19:41 (4702 turns).

sose the Conjurer (High Elf Conjurer)               Turns: 4702, Time: 00:19:41

Health: -8/41      AC:  3    Str:  7    XL:     7   Next: 60%
Magic:  4/15       EV: 13    Int: 21    God:    Ashenzari [......]
Gold:   285        SH:  0    Dex: 16    Spells: 5 memorised, 1 level left

rFire  . . .     SeeInvis .     z - +2 short sword (venom)
rCold  . . .     Gourm    .     a - +0 robe
rNeg   . . .     Faith    .     (no shield)
rPois  .         Spirit   .     (no helmet)
rElec  .         Reflect  .     o - +0 cloak
rCorr  .         Harm     .     (no gloves)
MR     .....                    (no boots)
Stlth  ++........               (no amulet)
                                (no ring)
                                (no ring)

@: no status effects
A: no striking features
a: Curse Item, Renounce Religion


You were on level 4 of the Dungeon.
You worshipped Ashenzari.
Ashenzari was noncommittal.
You were hungry.

You visited 1 branch of the dungeon, and saw 4 of its levels.

You collected 285 gold pieces.

Inventory:

Hand Weapons
 z - a +2 short sword of venom (weapon)
Armour
 a - a +0 robe (worn)
 o - a +0 cloak (worn)
Wands
 f - a wand of flame (32/48)
Scrolls
 g - 5 scrolls of remove curse
 h - 2 scrolls of amnesia {unknown}
 j - 2 scrolls of fear {unknown}
 k - 2 scrolls of immolation {unknown}
 l - 3 scrolls of identify {unknown}
 p - 2 scrolls of blinking {unknown}
 x - a scroll of teleportation {unknown}
Potions
 d - 2 potions of haste {unknown}
 e - a potion of degeneration {unknown}
 i - 2 potions of heal wounds
 n - 2 potions of might {unknown}
 q - 2 potions of brilliance {unknown}
 r - a potion of resistance {unknown}
 t - a potion of flight {unknown}
 v - a potion of agility {unknown}
Books
 b - a book of Conjurations

   Spells                             Type                      Level
   a - Magic Dart                     Conjuration                  1
   b - Searing Ray                    Conjuration                  2
   c - Dazzling Spray                 Conjuration/Hexes            3
   d - Fulminant Prism                Conjuration/Hexes            4
   e - Iskenderun's Mystic Blast      Conjuration                  4
   f - Iskenderun's Battlesphere      Conjuration/Charms           5
 y - a book of the Dragon

   Spells                             Type                      Level
   a - Flame Tongue                   Conjuration/Fire             1
   b - Cause Fear                     Hexes                        4
   c - Bolt of Fire                   Conjuration/Fire             6
   d - Dragon Form                    Transmutation                7
   e - Dragon's Call                  Summoning                    9
Comestibles
 c - 2 bread rations
 m - 2 fruits
 s - a slice of pizza
 u - 3 meat rations
 w - a beef jerky
 A - 2 chunks of flesh


   Skills:
 - Level 2.1 Dodging
 - Level 2.1 Stealth
 - Level 5.2 Spellcasting
 + Level 7.5 Conjurations
 + Level 5.7 Charms


You had one spell level left.
You knew the following spells:

 Your Spells              Type           Power        Failure   Level  Hunger
a - Magic Dart            Conj           ####         1%          1    None
b - Searing Ray           Conj           #####.       1%          2    None
c - Dazzling Spray        Conj/Hex       ###...       10%         3    ##.....
d - Iskenderun's Mystic   Conj           #####...     6%          4    ####...
e - Iskenderun's Battles  Conj/Chrm      ####....     24%         5    #####..


Dungeon Overview and Level Annotations

Branches:
Dungeon (4/15)
 Temple: D:4-7

Altars:
Ashenzari
Trog
Xom


Message History

2 chunks of flesh; an orc skeleton
There is a stone staircase leading up here.
Casting: Magic Dart
Confirm with . or Enter, or press ? or * to list all spells.
Aiming: Magic Dart
Press: ? - help, Shift-Dir - straight line, f - ogre
Aim: an ogre, wielding a giant club The magic dart hits the ogre.
The ogre is lightly wounded.
Your battlesphere fires!
The barrage of energy hits the ogre.
The ogre is heavily wounded.
Your battlesphere expends the last of its energy and dissipates.
The ogre hits you with a giant club!!
* * * LOW HITPOINT WARNING * * *
Unknown command.
Unknown command.
There is a stone staircase leading up here.
The ogre hits you with a giant club!
You die...

#.........##..................###
#....)....##.....................
#.......#)###....................
##......#.# #.).%................
####..##.# ##.)............##...
#..##.# #...............###. #
##.###.# ##...............### ##
#..# #.## #.s...............#
.###..# #..# ##@................
..##.## ##.# #O§...............
.....# #.# #.................
....## #.## ##................
....# #.[# #.......>.......)
...## ##.## #................
#..# #..# ##.)............. #..#
##.#####............... #.##
#.....................


You could see an ogre and a scorpion.

Vanquished Creatures
  Sigmund (D:3)
  A bullfrog (D:3)
  A scorpion (D:4)
  An orc priest (D:4)
  3 hounds
  Natasha (thrice) (D:3)
  Ijyb (D:2)
  3 orc wizards (D:4)
  A worker ant (D:4)
  9 adders
  An ooze (D:3)
  2 adder skeletons (D:4)
  3 worms
  2 dart slugs
  A leopard gecko (D:3)
  8 orcs
  5 ball pythons
  8 bats
  9 giant cockroaches
  5 goblins
  6 hobgoblins
  7 jackals
  A quokka (D:4)
  7 frilled lizards
  12 kobolds
  A leopard gecko skeleton (D:4)
  6 rats
108 creatures vanquished.

Notes
Turn   | Place    | Note
-------+----------+-------------------------------------------
     0 | D:1      | sose the High Elf Conjurer began the quest for the Orb.
     0 | D:1      | Reached XP level 1. HP: 11/11 MP: 4/4
   341 | D:1      | Reached XP level 2. HP: 17/17 MP: 1/6
   456 | D:1      | Learned a level 2 spell: Searing Ray
   461 | D:1      | Reached skill level 5 in Conjurations
   910 | D:2      | Reached XP level 3. HP: 17/21 MP: 1/7
  1288 | D:2      | Reached skill level 6 in Conjurations
  1436 | D:2      | Reached XP level 4. HP: 27/27 MP: 3/8
  1624 | D:2      | Noticed Ijyb
  1633 | D:2      | Learned a level 3 spell: Dazzling Spray
  1684 | D:2      | Killed Ijyb
  1854 | D:2      | Found a shimmering altar of Xom.
  1856 | D:2      | Found a shadowy altar of Dithmenos.
  1856 | D:2      | Found an opulent altar of Gozag.
  1858 | D:2      | Found a shadowy altar of Dithmenos.
  1858 | D:2      | Found a shattered altar of Ashenzari.
  1858 | D:2      | Found a shattered altar of Ashenzari.
  2208 | D:3      | Reached XP level 5. HP: 30/31 MP: 4/12
  2218 | D:3      | Learned a level 5 spell: Iskenderun's Battlesphere
  2231 | D:3      | Noticed Natasha
  2273 | D:3      | Killed Natasha
  2273 | D:3      | Reached skill level 1 in Charms
  2316 | D:3      | Noticed Sigmund
  2419 | D:3      | Noticed Natasha
  2453 | D:3      | Killed Natasha
  2485 | D:3      | Reached XP level 6. HP: 20/36 MP: 4/13
  2735 | D:3      | Noticed Natasha
  2746 | D:3      | Killed Natasha
  3065 | D:3      | Found a faded altar of an unknown god.
  3198 | D:3      | Killed Sigmund
  3198 | D:3      | Reached skill level 7 in Conjurations
  3299 | D:4      | Reached XP level 7. HP: 35/41 MP: 9/14
  3474 | D:4      | Reached skill level 5 in Charms
  3764 | D:4      | Found a bloodstained altar of Trog.
  3891 | D:4      | Learned a level 4 spell: Iskenderun's Mystic Blast
  4528 | D:4      | Reached skill level 5 in Spellcasting
  4556 | D:4      | Found a faded altar of an unknown god.
  4556 | D:4      | Found a faded altar of an unknown god.
  4561 | D:4      | Found a shattered altar of Ashenzari.
  4563 | D:4      | Found a faded altar of an unknown god.
  4564 | D:4      | Found a faded altar of an unknown god.
  4583 | D:4      | Became a worshipper of Ashenzari the Shackled
  4702 | D:4      | Mangled by an ogre

Skill      XL: |  1  2  3  4  5  6  7 |
---------------+----------------------+-----
Conjurations   | 5 6 7 |  7.5
Spellcasting   | 4 5 |  5.2
Charms         | 3 4 5 |  5.7
Dodging        | |  2.1
Stealth        | |  2.1

Action                   |  1- 3 |  4- 6 |  7- 9 || total
-------------------------+-------+-------+-------++-------
Melee: Unarmed           |     7 |       |       ||     7
       Whip              |    21 |    43 |     1 ||    65
       Short sword       |       |       |    11 ||    11
 Cast: Magic Dart        |    66 |    55 |    37 ||   158
       Searing Ray       |     5 |    12 |     5 ||    22
       Dazzling Spray    |       |     3 |     4 ||     7
       Iskenderun's Batt |       |     1 |     2 ||     3
       Iskenderun's Myst |       |       |     1 ||     1
  Use: Scroll            |       |       |     1 ||     1
 Stab: Sleeping          |       |     1 |       ||     1
  Eat: Chunk             |     2 |     2 |     4 ||     8
       Bread ration      |       |     1 |       ||     1
       Fruit             |       |     1 |       ||     1
Armor: Robe              |     9 |    22 |     6 ||    37
Dodge: Dodged            |    39 |    60 |    34 ||   133
